 Dungeon Crawl Stone Soup version 0.30.0 (webtiles) character file.

Game seed: 862640328600656231

90 marwff the Conjurer (level 4, 0/24 HPs)
             Began as a Deep Elf Conjurer on May 31, 2023.
             Slain by a gnoll
             ... wielding a +0 flail
              (5 damage)
             ... while paralysed by Grinder
             ... on level 3 of the Dungeon.
             The game lasted 00:05:34 (2309 turns).

marwff the Conjurer (Deep Elf Conjurer)             Turns: 2309, Time: 00:05:35

Health: 0/24       AC:  4    Str:  4    XL:     4   Next: 32%
Magic:  7/10       EV:  2    Int: 25    God:
Gold:   94         SH:  0    Dex: 13    Spells: 6/9 levels left

rFire   . . .        (no weapon)
rCold   . . .        (no shield)
rNeg    . . .        a - +0 robe
rPois   .            (no helmet)
rElec   .            (no cloak)
rCorr   .            o - +1 pair of gloves
SInv    .            (no boots)
Will    .....        (no amulet)
Stlth   ++           (no ring)
HPRegen 0.24/turn    (no ring)
MPRegen 0.12/turn

%: no passive effects
@: paralysed
A: no striking features
a: no special abilities


You were on level 3 of the Dungeon.
You visited 1 branch of the dungeon, and saw 3 of its levels.

You collected 94 gold pieces.

Inventory:

Armour
 a - a +0 robe (worn)
 o - a +1 pair of gloves (worn)
Jewellery
 k - an amulet of faith
Scrolls
 c - a scroll of vulnerability {unknown}
 d - 2 scrolls of identify {unknown}
 e - 2 scrolls of blinking {unknown}
 f - a scroll of immolation {unknown}
 j - a scroll of amnesia {unknown}
 n - a scroll of magic mapping {unknown}
Potions
 b - 2 potions of magic
 g - a potion of might {unknown}
 h - a potion of haste {unknown}
 i - a potion of curing {unknown}
 l - 2 potions of flight {unknown}
 m - a potion of invisibility {unknown}


   Skills:
 - Level 2.4 Dodging
 - Level 2.4 Stealth
 - Level 3.0 Spellcasting
 * Level 6.4 Conjurations


You had 6 spell levels left.
You knew the following spells:

 Your Spells              Type           Power      Damage    Failure   Level
a - Magic Dart            Conj           100%       1d8       1%          1
b - Searing Ray           Conj           72%        2d7       1%          2

Your spell library contained the following spells:

 Spells                   Type           Power      Damage    Failure   Level
 Dazzling Flash           Conj/Hex       38%        N/A       9%          3
 Fulminant Prism          Conj/Hex       9%         3d7       26%         4
 Iskenderun's Mystic Bla  Conj/Tloc      19%        2d6       26%         4
 Vhi's Electric Charge    Tloc/Air       6%         N/A       30%         3
 Arcjolt                  Conj/Air       9%         1d19      58%         5
 Maxwell's Capacitive Co  Air            1%         ∞         100%        8


Dungeon Overview and Level Annotations

Branches:
Dungeon (3/15)

Altars:

Shops:
D:3 :

Annotations:
D:3 Grinder


Message History

Confirm with . or Enter, or press ? or * to list all spells.
Aiming: Magic Dart (safe; 1% risk of failure)
Press: ? - help, Shift-Dir - straight line, f - ball python
Aim: a ball python (asleep, 100% to hit)
The magic dart hits the ball python.
You kill the ball python!
Found Dyishroda's Book Shop.
There is an entrance to Dyishroda's Book Shop here.
Grinder comes into view.
Grinder shouts!
Grinder gestures at you. Pain shoots through your body!
Unknown command.
Casting: Magic Dart (safe; 1% risk of failure)
Confirm with . or Enter, or press ? or * to list all spells.
Aiming: Searing Ray (safe; 1% risk of failure)
Press: ? - help, Shift-Dir - straight line, f - Grinder
Aim: Grinder (78% to hit)
The searing ray hits Grinder.
Grinder is lightly wounded. (Press . to maintain the ray.)
The gnoll shouts!
You hear a shout!
The searing ray hits Grinder.
Grinder is lightly wounded.
Grinder gestures at you. You resist with significant effort.
Grinder says, "Make like a tree!"
There is an entrance to Dyishroda's Book Shop here.
Grinder attacks as you move away! Grinder hits you!
* * * LOW HITPOINT WARNING * * *
You writhe in agony.
* * * LOW HITPOINT WARNING * * *
Grinder blinks!
The gnoll hits you with a +0 flail.
* * * LOW HITPOINT WARNING * * *
The gnoll barely misses you. Grinder gestures at you.
You suddenly lose the ability to move!
The gnoll hits you with a +0 flail.
You die...

##### ...... ..~.~.
#.~≈≈ ..~ ♣
############5#.≈♣
#......@..∩...~≈♣
#.#####.g.....~≈≈≈≈
#.# #.######.~.~.
##########.# ....
≈≈≈≈
...........##.##.##
♣♣♣ #############
#.# # #.# #########
#.# #.).))..g


You could see Grinder and a gnoll.

Vanquished Creatures
  A gnoll (D:3)
  3 adders (D:2)
  2 dart slugs
  4 ball pythons
  5 endoplasms
  5 giant cockroaches
  3 goblins
  4 hobgoblins
  A quokka (D:2)
  5 bats
  4 frilled lizards
  3 kobolds
  8 rats
48 creatures vanquished.

Notes
Turn   | Place    | Note
-------+----------+-------------------------------------------
     0 | D:1      | marwff the Deep Elf Conjurer began the quest for the Orb.
     0 | D:1      | Reached XP level 1. HP: 10/10 MP: 6/6
   322 | D:1      | Reached skill level 5 in Conjurations
   322 | D:1      | Reached XP level 2. HP: 15/15 MP: 4/8
   404 | D:1      | Learned a level 2 spell: Searing Ray
  1053 | D:2      | Reached XP level 3. HP: 19/19 MP: 5/9
  1379 | D:2      | Reached skill level 6 in Conjurations
  1638 | D:2      | Reached XP level 4. HP: 24/24 MP: 8/10
  2294 | D:3      | Found Dyishroda's Book Shop.
  2302 | D:3      | Noticed Grinder
  2308 | D:3      | Paralysed by Grinder for 5 turns
  2309 | D:3      | Slain by a gnoll

Illustrated notes

Levels and vault maps discovered:
D:1:      dpeg_arrival_lava_altar, layout_loops_ring
D:2:      layout_basic, minmay_misc_feat_pillars
D:3:      cheibrodos_greedy_goblins, layout_loops_ring, xom_teletrap_fun,
          basic_ecumenical_altar, serial_shops, shop, shop, kennysheep_boxes,
          uniq_grinder

Skill      XL: |  1  2  3 |
---------------+----------+-----
Conjurations   | 5 6 |  6.4
Dodging        | |  2.4
Stealth        | |  2.4
Spellcasting   | |  3.0

Action                     |  1- 3 |  4- 6 || total
---------------------------+-------+-------++-------
   Cast: Magic Dart        |    59 |    16 ||    75
         Searing Ray       |     3 |     2 ||     5
 Armour: Robe              |     1 |       ||     1
  Dodge: Dodged            |     1 |     1 ||     2
